 Dungeon Crawl Stone Soup version 0.21-a0-582-g1b93aee (webtiles) character file.

19 sithsevirus the Skirmisher (level 2, 0/26 HPs)
             Began as a Draconian Berserker on Dec 19, 2017.
             Was a Follower of Trog.
             Slain by a gnoll
             ... wielding a +0 spear
              (6 damage)
             ... on level 2 of the Dungeon.
             The game lasted 00:01:47 (976 turns).

sithsevirus the Skirmisher (Draconian Berserker)     Turns: 976, Time: 00:01:49

Health: 0/26       AC:  4    Str: 19    XL:     2   Next: 55%
Magic:  2/2        EV: 12    Int:  7    God:    Trog [*.....]
Gold:   50         SH:  0    Dex: 10    Spells: 1/1 levels left

rFire    . . .     SeeInvis .   a - +0 hand axe
rCold    . . .     Gourm    .   (no shield)
rNeg     . . .     Faith    .   (armour unavailable)
rPois    .         Spirit   .   (helmet restricted)
rElec    .         Reflect  .   (no cloak)
rCorr    .         Harm     .   (no gloves)
MR       .....                  (no boots)
Stlth    +.........             (no amulet)
HPRegen  0.08/turn              (no ring)
MPRegen  0.08/turn              (no ring)

@: no status effects
A: unfitting armour, cold-blooded, AC +4
a: Berserk, Burn Spellbooks, Renounce Religion


You were on level 2 of the Dungeon.
You worshipped Trog.
Trog was aware of your devotion.
You were not hungry.

You visited 1 branch of the dungeon, and saw 2 of its levels.

You collected 50 gold pieces.

Inventory:

Hand Weapons
 a - a +0 hand axe (weapon)
Missiles
 h - 8 javelins (quivered)
 i - 12 poisoned needles
 k - a stone
Scrolls
 c - 2 scrolls of identify {unknown}
 g - a scroll of magic mapping {unknown}
Potions
 d - a potion of magic {unknown}
 e - 2 potions of flight {unknown}
 f - a potion of experience {unknown}
Comestibles
 b - a ration
 j - a chunk of flesh


   Skills:
 + Level 3.5 Fighting
 * Level 3.5 Axes
 + Level 2.9 Dodging


You had one spell level left.
You didn't know any spells.

Dungeon Overview and Level Annotations

Branches:
Dungeon (2/15)

Altars:


Innate Abilities, Weirdness & Mutations

Your plain brown scales are hard. (AC +4)
You cannot fit into any form of body armour.
You are cold-blooded and may be slowed by cold attacks.


Message History

A gnoll comes into view. It is wielding a whip.
The gnoll shouts!
You hit the gnoll but do no damage. The gnoll hits you.
A hobgoblin comes into view.
You hit the gnoll.
The gnoll is heavily wounded.
The gnoll hits you. The gnoll closely misses you.
You barely miss the gnoll.
The gnoll is heavily wounded.
The gnoll closely misses you.
The gnoll hits you from afar with a spear.
You hit the gnoll but do no damage.
The gnoll is heavily wounded.
The gnoll closely misses you. x2
You hit the gnoll but do no damage.
The gnoll is heavily wounded.
The gnoll hits you.
* * * LOW HITPOINT WARNING * * *
The gnoll hits you from afar with a spear.
You die...

### #.. #########
#.# .......# #.#
#......###.#######
#......#..@gggg...
#......#.#.#######
####......#.#.#
#......†..#.#.#
#...........#.####
#........8.........
#.......8_8..######
#######..8...###.
########..........


You could see 3 gnolls and a hobgoblin.

Vanquished Creatures
  An ooze (D:1)
  A dart slug (D:1)
  3 goblins (D:1)
  A hobgoblin (D:1)
  2 kobolds
  3 bats (D:1)
  2 frilled lizards
13 creatures vanquished.

Notes
Turn   | Place    | Note
-------+----------+-------------------------------------------
     0 | D:1      | sithsevirus the Draconian Berserker began the quest for the Orb.
     0 | D:1      | Reached XP level 1. HP: 19/19 MP: 1/1
   152 | D:1      | Reached XP level 2. HP: 26/26 MP: 2/2
   941 | D:2      | Found a faded altar of an unknown god.
   976 | D:2      | Slain by a gnoll

Vault maps used:
D:1:      dpeg_arrival_lava_altar
D:2:      chequers_ecumenical_altar_simple

Action                   || total
-------------------------++-------
Melee: Hand axe          ||    42
       Tailslap          ||     2
Armor: Skin              ||     7
Dodge: Dodged            ||    33

Table legend:
 A = Spawn XP
 B = Non-spawn XP
 C = Spawn XP percentage of total XP
 D = Spawn monster count
 E = Non-spawn monster count
 F = Spawn count percentage of total count
 G = Total turns spent on level
                    A         B        C        D         E        F      G
               +---------+---------+-------+---------+---------+-------+---------
         Total |       0 |      28 |   0.0 |       0 |      13 |   0.0 |   976
               +---------+---------+-------+---------+---------+-------+---------
           D:1 |       0 |      26 |   0.0 |       0 |      11 |   0.0 |   914
           D:2 |       0 |       2 |   0.0 |       0 |       2 |   0.0 |    62
               +---------+---------+-------+---------+---------+-------+---------
